 Dungeon Crawl Stone Soup version 0.26.1-2-gb8aa6d0cf2 (console) character file.

Game seed: 5448756828765017866

5749 om the Slicer (level 10, -14/71 HPs)
             Began as a Green Draconian Transmuter on Mar 1, 2021.
             Was an Elder of Cheibriados.
             Shot with an arrow by a centaur warrior (24 damage)
             ... on level 9 of the Dungeon.
             The game lasted 00:26:49 (11856 turns).

om the Slicer (Green Draconian Transmuter)         Turns: 11856, Time: 00:26:50

Health: -14/71     AC:  8    Str: 30    XL:     10   Next: 49%
Magic:  18/18      EV: 19    Int: 24    God:    Cheibriados [****..]
Gold:   260        SH:  0    Dex: 29    Spells: 10/20 levels left

rFire    . . .     SeeInvis .   b - +1 dagger (venom)
rCold    . . .     Faith    +   (no shield)
rNeg     . . .     Spirit   .   (armour unavailable)
rPois    +         Reflect  .   (helmet restricted)
rElec    .         Harm     .   (no cloak)
rCorr    .         Rampage  .   l - +0 pair of gloves
Will     .....                  (no boots)
Stlth    ++++......             p - amulet of faith
HPRegen  0.21/turn              r - +6 ring of strength
MPRegen  0.16/turn              f - +6 ring of dexterity

@: short of breath, very slow
A: breathe noxious fumes, unfitting armour, poison resistance, cold-blooded, AC
+7
a: Breathe Noxious Fumes, Renounce Religion, Bend Time, Temporal Distortion,
Slouch


You were on level 9 of the Dungeon.
You worshipped Cheibriados.
Cheibriados was greatly pleased with you.
You visited 2 branches of the dungeon, and saw 10 of its levels.

You collected 547 gold pieces.
You spent 287 gold pieces at shops.

Inventory:

Hand Weapons
 b - a +1 dagger of venom (weapon)
Armour
 l - a +0 pair of gloves (worn)
Jewellery
 f - a +6 ring of dexterity (right hand)
 i - an uncursed ring of willpower
 n - a +4 ring of evasion
 p - an amulet of faith (around neck)
 r - a +6 ring of strength (left hand)
 u - an uncursed ring of flight
 C - an uncursed ring of ice
Wands
 e - a wand of digging (2)
 k - a wand of flame (39)
 o - a wand of iceblast (18)
 w - a wand of acid (13)
 A - a wand of paralysis (7)
Scrolls
 d - a scroll of teleportation
 h - 7 scrolls of remove curse
 j - a scroll of identify
 m - 4 scrolls of amnesia
 q - 4 scrolls of fog
 v - a scroll of silence {unknown}
 x - 3 scrolls of enchant armour
 y - a scroll of acquirement
 B - 4 scrolls of blinking
 D - a scroll of enchant weapon
Potions
 a - 4 potions of resistance
 c - 2 potions of might
 g - 3 potions of lignification
 s - 5 potions of curing
 t - a potion of ambrosia
 z - 2 potions of heal wounds
 E - 4 potions of brilliance


   Skills:
 - Level 1.1 Fighting
 + Level 8.5 Short Blades
 + Level 6.4 Dodging
 - Level 5.0 Stealth
 - Level 3.3 Unarmed Combat
 * Level 5.9 Spellcasting
 * Level 8.3 Transmutations


You had 10 spell levels left.
You knew the following spells:

 Your Spells              Type           Power        Failure   Level
a - Beastly Appendage     Tmut           94%          1%          1
b - Wereblood             Tmut           47%          1%          2
c - Spider Form           Tmut/Pois      13%          4%          3
d - Ice Form              Ice/Tmut       27%          14%         4

Your spell library contained the following spells:

 Spells                   Type           Power        Failure   Level
 Blade Hands              Tmut           23%          8%          5
 Petrify                  Tmut/Erth      27%          14%         4
 Confusing Touch          Hex            7%           24%         3
 Gell's Gravitas          Tloc           3%           24%         3
 Yara's Violent Unravell  Hex/Tmut       13%          38%         5
 Metabolic Englaciation   Hex/Ice        3%           92%         5


Dungeon Overview and Level Annotations

Branches:
Dungeon (9/15)             Temple (1/1) D:5
   Lair: D:8-11         Orc: D:9-12

Altars:
Ashenzari
Cheibriados
Dithmenos
Elyvilon
Fedhas
Gozag
Hepliaklqana
Kikubaaqudgha
Makhleb
Nemelex Xobeh
Okawaru
Qazlal
Ru
Sif Muna
Trog
Uskayaw
Vehumet
Wu Jian
Xom
Yredelemnul
Zin
The Shining One

Shops:
D:4 *   D:7 !*=[:   D:9 !


Innate Abilities, Weirdness & Mutations

You can breathe blasts of noxious fumes.
Your lurid green scales are hard. (AC +7)
You cannot fit into any form of body armour.
Your system is resistant to poisons. (rPois)
You are cold-blooded and may be slowed by cold attacks.


Message History

Found Yjugh's Distillery.
You now have 260 gold pieces (gained 15).
A centaur warrior comes into view.
You see here 16 gold pieces.
Okay, then.
The centaur warrior shouts!
The centaur warrior wields a +0 longbow.
The centaur warrior shoots an arrow.
The arrow hits you!!
The centaur warrior shoots an arrow.
The arrow hits you!!
You see here 2 arrows.
Press: ? - help, Shift-Dir - straight line, f - centaur warrior
Aim: a centaur warrior, wielding a +0 longbow and quivering 32 arrows You exhale a blast of noxious fumes.
The blast of choking fumes hits the centaur warrior.
The centaur warrior is lightly wounded.
The centaur warrior is engulfed in noxious fumes.
The centaur warrior shoots an arrow.
The arrow hits you!!
* * * LOW HITPOINT WARNING * * *
The centaur warrior is engulfed in noxious fumes.
The centaur warrior shoots an arrow.
The arrow hits you!!
You die...

#..#.# #..#.#
#..# #..#.# #..#
#..#.# #..#.#
#....# #..#.#
#.#..######..#.#
#
#............#.#
.#
###..######.##.#
☼c
#.>..........#☼#
#########.#.☼☼.#
......$.$@...#
######$∩$..#.#
#$?$......
.........##
#.#####.#.# #.
.#.# # ## #


You could see a centaur warrior.

Vanquished Creatures
  Harold (D:8)
  Joseph (D:9)
  Prince Ribbit (D:5)
  Eustachio (D:5)
  A steam dragon (D:9)
  Duvessa (D:4)
  4 orc warriors
  4 sky beasts
  5 ice beasts
  2 necrophages
  2 ogres
  A bullfrog (D:8)
  A big kobold (D:7)
  3 gnoll sergeants (D:6)
  Dowan (D:4)
  3 scorpions
  3 killer bees (D:8)
  3 howler monkeys (D:7)
  A centaur zombie (D:8)
  A quasit (D:7)
  6 hounds
  4 jellies
  3 centaur skeletons
  A gnoll shaman (D:3)
  3 orc priests
  13 orc wizards
  Jessica (D:3)
  An iguana (D:9)
  5 worker ants
  A hound zombie (D:7)
  A hound skeleton (D:7)
  A worker ant zombie (D:9)
  14 gnolls
  10 adders
  2 white imps
  2 oozes
  2 ufetubi
  An adder skeleton (D:4)
  4 worms
  2 dart slugs (D:2)
  7 leopard geckos
  40 orcs
  2 ball pythons
  10 bats
  9 giant cockroaches
  10 goblins
  9 hobgoblins
  10 jackals
  9 kobolds
  5 quokkas
  5 frilled lizards
  A jackal zombie (D:6)
  A leopard gecko skeleton (D:8)
  18 rats
253 creatures vanquished.

Vanquished Creatures (others)
  A plant (D:9)
1 creature vanquished.

Grand Total: 254 creatures vanquished

Notes
Turn   | Place    | Note
-------+----------+-------------------------------------------
     0 | D:1      | om the Draconian Transmuter began the quest for the Orb.
     0 | D:1      | Reached XP level 1. HP: 16/16 MP: 3/3
   165 | D:1      | You fall into a shaft and drop 1 floor!
   232 | D:2      | Reached XP level 2. HP: 23/23 MP: 3/5
   568 | D:1      | Reached XP level 3. HP: 25/28 MP: 4/6
  1143 | D:1      | Learned a level 2 spell: Wereblood
  1147 | D:1      | Learned a level 3 spell: Spider Form
  1779 | D:2      | Reached XP level 4. HP: 35/35 MP: 7/7
  1822 | D:2      | Reached skill level 1 in Short Blades
  2608 | D:3      | Reached XP level 5. HP: 40/40 MP: 7/9
  2939 | D:3      | Noticed Jessica
  2943 | D:3      | Found a snail-covered altar of Cheibriados.
  2953 | D:3      | Killed Jessica
  3630 | D:4      | Reached XP level 6. HP: 46/47 MP: 8/10
  3937 | D:3      | Reached skill level 1 in Stealth
  4318 | D:4      | Your scales start taking on a lurid green colour.
  4318 | D:4      | Reached XP level 7. HP: 51/52 MP: 9/11
  4318 | D:4      | Gained mutation: Your system is resistant to poisons.
                  | (rPois) [Green Draconian growth]
  4373 | D:4      | Found Uropnou's General Store.
  4374 | D:4      | Noticed Duvessa
  4374 | D:4      | Noticed Dowan
  4404 | D:4      | HP: 2/52 [Duvessa/+0 short sword (5)]
  4406 | D:4      | Killed Duvessa
  4407 | D:4      | Reached skill level 5 in Transmutations
  4715 | D:4      | Killed Dowan
  4745 | D:4      | Bought a scroll of identify for 28 gold pieces
  4745 | D:4      | Bought a potion of might for 56 gold pieces
  4745 | D:4      | Bought a potion of curing for 42 gold pieces
  4745 | D:4      | Bought a scroll of fog for 28 gold pieces
  5312 | D:5      | Entered Level 5 of the Dungeon
  5562 | D:5      | Noticed Eustachio
  5574 | D:5      | Killed Eustachio
  5593 | D:5      | Reached XP level 8. HP: 59/59 MP: 10/12
  5631 | D:5      | Reached skill level 5 in Short Blades
  6095 | D:5      | Found a staircase to the Ecumenical Temple.
  6108 | Temple   | Entered the Ecumenical Temple
  6167 | Temple   | Became a worshipper of Cheibriados the Contemplative
  6848 | D:5      | Noticed a moth of wrath
  6850 | D:5      | Found a bloodstained altar of Trog.
  6969 | D:5      | Noticed Prince Ribbit
  6985 | D:5      | Killed Prince Ribbit
  7312 | D:5      | Reached * piety under Cheibriados
  7457 | D:6      | Reached XP level 9. HP: 61/64 MP: 11/13
  7518 | D:6      | Reached skill level 5 in Dodging
  8064 | D:6      | Learned a level 4 spell: Ice Form
  8168 | D:6      | Reached skill level 5 in Stealth
  8418 | D:7      | Found Gaanoroex's Book Shoppe.
  8435 | D:7      | Reached ** piety under Cheibriados
  8507 | D:7      | HP: 3/64 [orc warrior/+0 trident (12)]
  8815 | D:7      | Found a broken altar of Ashenzari.
  9042 | D:7      | Found Dupsumia's Distillery.
  9159 | D:7      | Bought a potion of curing for 36 gold pieces
  9232 | D:7      | Found Myubbock's General Store.
  9235 | D:7      | Bought a scroll of blinking for 97 gold pieces
  9259 | D:7      | Found Hikkuv's Jewellery Shop.
  9328 | D:7      | Found Goetati's Antique Armour Boutique.
  9382 | D:7      | Reached *** piety under Cheibriados
 10141 | D:8      | Reached XP level 10. HP: 56/71 MP: 15/17
 10149 | D:8      | Reached **** piety under Cheibriados
 10350 | D:8      | Noticed Harold
 10364 | D:8      | Killed Harold
 10365 | D:8      | Reached skill level 5 in Spellcasting
 10530 | D:8      | Identified a scroll of acquirement
 11405 | D:9      | Noticed Joseph
 11420 | D:9      | Killed Joseph
 11849 | D:9      | Found Yjugh's Distillery.
 11854 | D:9      | Noticed a centaur warrior
 11856 | D:9      | Shot with an arrow by a centaur warrior

Illustrated notes

Levels and vault maps discovered:
D:1:      evilmike_arrival_rings, layout_basic, hangedman_feature_mirror,
          minmay_liquid_box
D:2:      layout_basic
D:3:      layout_basic, cheibriados_altar_1, uniq_jessica
D:4:      layout_loops_cross, serial_shops, shop, uniq_duvessa
D:5:      minmay_general_purpose_star, layout_rooms,
          minmay_temple_entry_statues_fountains, gup_sewer_entry_spiral,
          serial_curves, eino_curves_03, eino_curves_04, grunt_decor_junction,
          chequers_serial_rivers_micro_a, tgw_trog, uniq_eustachio,
          uniq_prince_ribbit1
D:6:      layout_cave_pools, serial_gnoll_camp, gnoll_camp_mini_hut,
          gnoll_camp_mini_hut, gnoll_camp_mini_basic, gnoll_camp_mini_sergeant
D:7:      cheibrodos_quashed, layout_gridville, cheibrodos_ashenzari_chains,
          serial_shops, kennysheep_little_box, nicolae_shop_statue_plus, shop,
          nicolae_shop_overgrown_old_shop, nicolae_shop_behind_doors
D:8:      layout_basic, uniq_harold
D:9:      layout_basic, serial_shops, shop_coins, serial_bayou_pond_d,
          uniq_joseph
Temple:   grunt_wide_crystal_templ

Skill      XL: |  1  2  3  4  5  6  7  8  9 10 |
---------------+-------------------------------+-----
Dodging        | 2 3 4 5 6 |  6.4
Transmutations | 3 4 5 6 7 8 |  8.3
Short Blades   | 1 2 3 4 6 8 |  8.5
Spellcasting   | 3 4 5 |  5.9
Stealth        | 1 2 4 5 |  5.0
Fighting       | |  1.1
Unarmed Combat | |  3.3

Action                   |  1- 3 |  4- 6 |  7- 9 | 10-12 || total
-------------------------+-------+-------+-------+-------++-------
Melee: Unarmed           |    27 |       |     7 |    11 ||    45
       Dagger            |    62 |   189 |   371 |   105 ||   727
       Kick              |    15 |    52 |   123 |    44 ||   234
       Tailslap          |     9 |    29 |    93 |    35 ||   166
       Headbutt          |    10 |    26 |    63 |    27 ||   126
       Punch             |     2 |     4 |     9 |     2 ||    17
 Cast: Beastly Appendage |    17 |    30 |    49 |     7 ||   103
       Wereblood         |       |     3 |     2 |       ||     5
       Spider Form       |       |       |     1 |       ||     1
       Ice Form          |       |       |       |     2 ||     2
 Abil: Breathe Noxious F |       |       |    10 |     3 ||    13
Evoke: Wand              |       |     1 |       |       ||     1
  Use: Scroll            |       |     5 |    11 |     3 ||    19
       Potion            |       |     2 |       |       ||     2
 Stab: Sleeping          |     1 |     1 |    11 |     2 ||    15
       Confused          |       |       |     2 |     2 ||     4
Armor: Skin              |    43 |    39 |    79 |     9 ||   170
Dodge: Dodged            |    89 |   183 |   256 |    71 ||   599
